 Dungeon Crawl Stone Soup version 0.19.4-8-ga85b6b9 (webtiles) character file.

371 JeffiDaFish the Shield-Bearer (level 6, -11/39 HPs)
             Began as a Gargoyle Fighter on Feb 7, 2017.
             Mangled by an ogre
             ... wielding a +0 giant club
              (15 damage)
             ... on level 4 of the Dungeon.
             The game lasted 00:05:59 (2451 turns).

JeffiDaFish the Shield-Bearer (Gargoyle Fighter)    Turns: 2451, Time: 00:05:59

Health: -11/39     AC: 13    Str: 21    XL:     6   Next: 71%
Magic:  6/6        EV:  6    Int:  8    God:
Gold:   121        SH: 11    Dex: 10    Spells: 0 memorised, 5 levels left

rFire  . . .     SeeInvis .     h - +1 whip (elec)
rCold  . . .     Gourm    .     i - +0 chain mail
rNeg   + . .     Faith    .     c - +2 shield
rPois  ∞         Spirit   .     (no helmet)
rElec  +         Reflect  .     (no cloak)
rCorr  +         Harm     .     (no gloves)
MR     .....                    (no boots)
Stlth  ..........               l - amulet of regeneration
                                (no ring)
                                e - ring of resist corrosion

@: no status effects
A: negative energy resistance 1, electricity resistance, unbreathing,
petrification resistance, rot immunity, AC +4
a: no special abilities


You were on level 4 of the Dungeon.
You were not hungry.

You visited 1 branch of the dungeon, and saw 4 of its levels.

You collected 121 gold pieces.

Inventory:

Hand Weapons
 h - a +1 whip of electrocution (weapon)
Armour
 c - a +2 shield (worn)
 i - a +0 chain mail (worn)
Jewellery
 e - a ring of resist corrosion (left hand)
 l - an amulet of regeneration (around neck)
Scrolls
 k - 3 scrolls of identify
 m - a scroll of recharging
 n - a scroll of remove curse
Potions
 a - a potion of ambrosia
 d - a potion of might
Comestibles
 b - 8 fruits
 f - 2 bread rations
 g - a chunk of flesh
 j - 2 meat rations


   Skills:
 + Level 4.3 Fighting
 + Level 4.5 Maces & Flails
 + Level 4.2 Armour
 + Level 1.3 Dodging
 + Level 0.8 Stealth
 + Level 4.6 Shields


You had 5 spell levels left.
You didn't know any spells.

Dungeon Overview and Level Annotations

Branches:
Dungeon (4/15)
 Temple: D:4-7

Altars:
Nemelex Xobeh


Innate Abilities, Weirdness & Mutations

You are resistant to torment.
Your stone body is resilient. (AC +4)
You are immune to poison.
You resist negative energy. (rN+)
You are resistant to electric shocks. (rElec)
You can survive without breathing.
You are immune to petrification.
You are immune to rotting.


Message History

You block the orc wizard's attack.
You hit the ogre.
You kill the ogre!
You block the ogre's attack. The orc hits you but does no damage.
The orc barely misses you.
The orc wizard hits you but does no damage.
You whack the ogre!
The ogre is moderately wounded.
You block the orc's attack. The orc barely misses you.
The ogre hits you with a giant club!
* * * LOW HITPOINT WARNING * * *
The orc wizard hits you but does no damage.
You hit the ogre.
The ogre is moderately wounded.
You block the orc's attack. The orc hits you but does no damage.
The orc wizard hits you but does no damage.
You hit the ogre.
The ogre is heavily wounded.
The ogre hits you with a giant club!
You die...

#.......#
##.....#.#
#........#
#>.......#
#...!....#
#........#
#oOo.....##
#.@o......#
#..)......#
#.........#
#.........#
#.<.......#
#......#..#
#.....## .#
##...##
#####


You could see an ogre, an orc wizard and 2 orcs.

Vanquished Creatures
  The ghost of Lilxick the Bolt Thrower, an amateur DDWn of Okawaru (D:3)
  An ogre (D:4)
  2 orc priests
  An orc wizard (D:3)
  6 adders
  An ooze (D:3)
  A worm (D:2)
  4 orcs (D:3)
  A bat (D:1)
  3 giant cockroaches
  5 goblins
  6 hobgoblins
  4 jackals
  7 kobolds
  3 quokkas
  2 ball pythons (D:3)
  8 frilled lizards
  3 rats
59 creatures vanquished.

Notes
Turn   | Place    | Note
-------+----------+-------------------------------------------
     0 | D:1      | JeffiDaFish the Gargoyle Fighter began the quest for the Orb.
     0 | D:1      | Reached XP level 1. HP: 14/14 MP: 1/1
   158 | D:1      | Reached XP level 2. HP: 18/19 MP: 2/2
   367 | D:1      | Found a sparkling altar of Nemelex Xobeh.
   586 | D:2      | Reached XP level 3. HP: 15/24 MP: 3/3
  1508 | D:3      | Noticed Lilxick's ghost (amateur DDWn)
  1517 | D:3      | Reached XP level 4. HP: 26/29 MP: 4/4
  1545 | D:3      | Killed Lilxick's ghost
  1545 | D:3      | Reached XP level 5. HP: 29/33 MP: 5/5
  1881 | D:3      | Reached skill level 1 in Dodging
  2068 | D:3      | Reached XP level 6. HP: 32/38 MP: 6/6
  2451 | D:4      | Mangled by an ogre

Skill      XL: |  1  2  3  4  5 |
---------------+----------------+-----
Fighting       | 4 |  4.3
Maces & Flails | 3 4 |  4.5
Shields        | 4 |  4.6
Dodging        | 1 |  1.3
Armour         | 4 |  4.2
Stealth        | |  0.8

Action                   |  1- 3 |  4- 6 || total
-------------------------+-------+-------++-------
Melee: Flail             |   110 |       ||   110
       Whip              |    31 |   108 ||   139
  Use: Potion            |     1 |       ||     1
       Scroll            |     7 |     1 ||     8
  Eat: Chunk             |     2 |     3 ||     5
Armor: Scale mail        |    36 |       ||    36
       Chain mail        |    17 |    45 ||    62
Dodge: Dodged            |    39 |    19 ||    58
Block: Shield            |    82 |    55 ||   137
